Selects Airborne Battlegroup
Selects Smoke Bombing Run
Construct Weapon Support Center
M3 Armored Personnel Carrier
Selects Paratrooper Squad Paradrop
M3 Armored Personnel Carrier
M3 Armored Personnel Carrier
Advanced Air Reconnaissance
Grasshopper High-Altitude Recon Run
Paratrooper Squad Paradrop
Grasshopper High-Altitude Recon Run
Paratrooper Squad Paradrop
M3 Armored Personnel Carrier
Selects Carpet Bombing Run
Grasshopper High-Altitude Recon Run
M3 Armored Personnel Carrier
Grasshopper High-Altitude Recon Run
Selects Anti-tank Gun Team Paradrop